Map: Dead of Night

Players

wasp

  • Race: Protoss Protoss
  • Spawn Location: 0:00

NamroodTuo

  • Race: Terran Terran
  • Spawn Location: 0:00

VOD

Have the link to the VOD?

Description

Time

  • Played on: March 6, 2023, 1:47 p.m.
  • Length: 33:39
Show
View Real Time Build Order
Export as new Build Order

wasp Protoss 

Build Orders:  

Get SALT Encoding   

  12  0:03  Probe (Chrono Boost)  
  13  0:15  Probe (Chrono Boost)  
  14  0:27  Probe (Chrono Boost)  
  15  0:37  Pylon  
  15  1:07  Pylon  
  15  1:12  Pylon  
  15  1:16  Pylon  
  15  1:22  Pylon  
  15  1:36  Forge  
  15  2:07  Pylon  
  15  2:11  Pylon  
  15  2:28  Assimilator  
  15  2:45  Assimilator  
  15  2:47  Assimilator  
  15  2:49  Probe (Chrono Boost)  
  16  3:01  Probe (Chrono Boost)  
  17  3:14  Probe (Chrono Boost)  
  18  3:26  Probe (Chrono Boost)  
  19  3:38  Probe (Chrono Boost)  
  20  3:50  Probe (Chrono Boost)  
  21  4:02  Probe (Chrono Boost)  
  20  4:14  Probe (Chrono Boost)  
  21  4:26  Probe (Chrono Boost)  
  22  4:38  Probe (Chrono Boost)  
  22  4:48  Khaydarin Monolith  
  23  4:50  Probe (Chrono Boost)  
  24  5:06  Khaydarin Monolith  
  24  5:50  Pylon  
  24  5:52  Pylon  
  24  5:55  Pylon  
  24  6:03  Pylon  
  24  6:06  Pylon  
  24  6:09  Pylon  
  24  6:16  Pylon  
  24  6:19  Pylon  
  24  6:24  Pylon  
  24  6:29  Pylon  
  24  6:44  Pylon  
  24  6:59  Pylon  
  20  7:40  Khaydarin Monolith  
  20  7:44  Khaydarin Monolith  
  20  7:56  Khaydarin Monolith  
  20  8:00  Khaydarin Monolith  
  20  8:13  Khaydarin Monolith  
  20  8:36  Khaydarin Monolith  
  20  8:41  Probe (Chrono Boost)  
  20  8:43  Probe (Chrono Boost)  
  20  8:46  Probe (Chrono Boost)  
  20  8:48  Probe (Chrono Boost)  
  21  8:50  Probe (Chrono Boost)  
  21  8:53  Probe (Chrono Boost)  
  21  8:55  Probe (Chrono Boost)  
  21  8:58  Probe (Chrono Boost)  
  23  9:00  Probe (Chrono Boost)  
  27  9:13  Probe (Chrono Boost)  
  30  10:26  Photon Cannon  
  30  10:27  Photon Cannon  
  30  10:32  Photon Cannon  
  30  10:40  Photon Cannon  
  30  10:42  Photon Cannon  
  30  10:45  Photon Cannon x2  
  30  10:50  Photon Cannon  
  30  10:58  Photon Cannon  
  30  11:04  Photon Cannon  
  30  11:07  Photon Cannon  
  30  11:09  Photon Cannon  
  30  11:17  Photon Cannon  
  30  11:26  Photon Cannon  
  30  11:53  Pylon  
  30  11:57  Pylon  
  30  12:03  Pylon  
  30  12:08  Pylon  
  30  12:23  Gateway  
  30  12:25  Gateway  
  30  12:29  Probe (Chrono Boost)  
  31  12:41  Probe (Chrono Boost)  
  32  12:53  Probe (Chrono Boost)  
  33  13:22  Gateway  
  33  13:24  Gateway  
  33  13:41  Sentinel  
  33  13:42  Sentinel  
  37  14:06  Solar Efficiency Level 1  
  37  14:14  Sentinel  
  37  14:15  Sentinel  
  39  14:29  Sentinel x2, Shield Battery  
  45  14:47  Sentinel  
  45  14:48  Sentinel  
  45  14:52  Sentinel x2  
  45  14:56  Sentinel x2  
  45  14:59  Sentinel  
  49  15:02  Sentinel x2  
  49  15:05  Sentinel  
  53  15:20  Sentinel  
  53  15:21  Cybernetics Core  
  67  15:53  Sentinel  
  69  16:26  Sentinel  
  71  16:59  Sentinel  
  73  17:32  Sentinel x4  
  79  18:05  Sentinel x4  
  87  18:38  Sentinel x4  
  95  19:11  Sentinel x4  
  103  19:41  Khaydarin Monolith  
  103  19:44  Sentinel  
  105  19:51  Khaydarin Monolith  
  105  20:16  Khaydarin Monolith  
  105  20:23  Sentinel x4  
  105  20:25  Khaydarin Monolith  
  105  20:29  Sentinel x4  
  105  20:31  Khaydarin Monolith  
  105  20:36  Sentinel x3  
  105  20:38  Khaydarin Monolith  
  105  20:56  Protoss Ground Weapons Level 1  
  113  21:02  Protoss Air Weapons Level 1  
  125  22:19  Photon Cannon  
  125  22:23  Photon Cannon  
  125  22:28  Photon Cannon  
  125  22:31  Photon Cannon  
  125  22:39  Photon Cannon  
  125  22:52  Photon Cannon  
  125  23:15  Protoss Ground Armor Level 1  
  125  23:20  Protoss Air Armor Level 1  
  109  24:15  Protoss Shields Level 1  
  97  25:27  Sentinel x4  
  97  25:34  Sentinel x4  
  97  25:40  Sentinel  
  97  25:41  Sentinel x3  
  105  26:07  Sentinel x3  
  105  26:08  Sentinel  
  129  26:40  Sentinel x3  
  129  26:41  Sentinel  
  137  27:45  Khaydarin Monolith  
  137  27:57  Khaydarin Monolith  
  137  28:00  Khaydarin Monolith  
  137  28:02  Khaydarin Monolith  
  137  28:28  Khaydarin Monolith  
  137  28:32  Khaydarin Monolith x2  
  137  28:43  Pylon  
  137  28:47  Pylon  
  137  28:49  Pylon  
  137  29:08  Photon Cannon  
  137  29:11  Photon Cannon  
  137  29:16  Photon Cannon  
  137  29:17  Photon Cannon  
  137  29:18  Photon Cannon  
  137  29:56  Photon Cannon  
  137  29:57  Photon Cannon  
  137  30:00  Photon Cannon  
  137  30:15  Photon Cannon  
  137  30:17  Photon Cannon  
  79  31:32  Sentinel x4  
  79  31:39  Sentinel x4  
  77  31:45  Sentinel x4  
  77  32:12  Sentinel x4  
  101  32:45  Sentinel x4  
Show
View Real Time Build Order
Export as new Build Order

NamroodTuo Terran 

Build Orders:  

Get SALT Encoding   

  12  0:02  SCV  
  13  0:23  SCV, Supply Depot  
  14  0:52  Factory  
  14  0:53  SCV  
  15  1:04  SCV  
  16  1:16  SCV  
  17  1:28  SCV  
  17  1:30  Supply Depot  
  17  1:39  Perdition Turret  
  18  2:03  Perdition Turret  
  18  2:07  SCV  
  19  2:19  Perdition Turret  
  19  2:28  Perdition Turret  
  19  2:30  Devastation Turret  
  19  2:49  SCV  
  19  2:56  Perdition Turret  
  20  3:00  SCV  
  20  3:04  Refinery  
  20  3:09  Refinery  
  21  3:12  SCV  
  22  3:27  Devastation Turret  
  22  3:48  Perdition Turret  
  22  3:56  Devastation Turret  
  22  4:06  Perdition Turret  
  22  4:07  Perdition Turret  
  22  4:17  Devastation Turret  
  22  4:22  Devastation Turret  
  22  4:27  Perdition Turret x2  
  22  4:29  Perdition Turret x3  
  22  4:31  Perdition Turret x2  
  22  4:32  Perdition Turret  
  22  4:33  Perdition Turret  
  22  4:43  SCV  
  22  4:45  Refinery  
  23  4:55  SCV  
  24  5:07  SCV  
  25  5:18  SCV  
  26  5:36  SCV  
  26  5:37  Supply Depot  
  27  5:45  Perdition Turret  
  27  5:47  Perdition Turret  
  27  5:48  SCV  
  27  5:50  Perdition Turret  
  27  5:51  Perdition Turret x2  
  27  5:52  Perdition Turret x2  
  27  5:53  Perdition Turret  
  27  5:54  Perdition Turret  
  27  5:55  Perdition Turret  
  27  5:56  Perdition Turret  
  27  5:58  Perdition Turret  
  27  5:59  Perdition Turret  
  28  6:00  SCV  
  28  6:02  Perdition Turret x2  
  28  6:04  Perdition Turret x2  
  28  6:05  Perdition Turret  
  28  6:09  Supply Depot  
  29  6:12  SCV  
  30  6:24  SCV  
  30  6:26  Perdition Turret  
  30  6:28  Perdition Turret  
  31  6:30  Perdition Turret  
  31  6:31  Perdition Turret  
  31  6:33  Perdition Turret  
  31  6:34  Factory Tech Reactor  
  31  6:35  Perdition Turret  
  31  6:36  SCV  
  31  6:38  Perdition Turret  
  32  6:42  Supply Depot  
  32  6:47  SCV  
  32  6:50  Perdition Turret  
  32  6:59  SCV  
  33  7:03  Armory  
  33  7:04  Perdition Turret, Advanced Optics  
  34  7:11  SCV  
  34  7:14  Supply Depot  
  34  7:17  Perdition Turret  
  34  7:18  Perdition Turret x2  
  34  7:19  Perdition Turret  
  35  7:20  Perdition Turret  
  35  7:23  SCV  
  36  7:50  Engineering Bay  
  36  7:57  Fire-Suppression Systems  
  36  8:09  Regenerative Bio-Steel  
  36  8:18  SCV  
  37  8:30  SCV  
  38  8:41  SCV  
  38  8:44  SCV  
  39  8:54  Starport  
  40  9:16  Starport  
  40  9:19  Terran Vehicle and Ship Weapons Level 1  
  40  9:44  Perdition Turret  
  40  10:00  Perdition Turret  
  40  10:07  Spinning Dizzy  
  40  10:12  Spinning Dizzy, Devastation Turret  
  40  10:24  Starport Tech Reactor  
  40  10:26  Starport Tech Reactor  
  40  10:28  Devastation Turret  
  40  10:40  SCV  
  41  10:52  SCV  
  41  10:54  Upgrade Laser Drill Level 1  
  42  11:01  Supply Depot  
  42  11:04  SCV  
  42  11:06  Spinning Dizzy  
  43  11:16  SCV  
  44  11:27  SCV  
  44  11:34  Spinning Dizzy, Supply Depot  
  44  11:37  Perdition Turret  
  44  11:38  Terran Vehicle And Ship Armor Level 1  
  44  11:39  Spinning Dizzy  
  45  11:45  Spinning Dizzy  
  45  11:53  Spinning Dizzy  
  45  12:03  Pulse Amplifier, Devastation Turret  
  45  12:07  Supply Depot  
  45  12:18  Improved Nano-Repair  
  45  12:19  Upgrade Laser Drill Level 2  
  45  12:25  Science Vessel, Perdition Turret  
  45  12:26  Science Vessel  
  45  12:27  Perdition Turret  
  45  12:35  Wraith x2  
  45  12:37  Terran Vehicle and Ship Weapons Level 2  
  45  12:38  Supply Depot  
  53  12:56  Displacement Field  
  53  13:06  Defensive Matrix  
  53  13:09  Perdition Turret x2  
  53  13:13  Perdition Turret x3  
  53  13:14  Perdition Turret x2  
  53  13:15  Perdition Turret  
  53  13:16  Perdition Turret  
  53  13:17  Perdition Turret  
  53  13:18  Wraith x2  
  53  13:19  Wraith  
  53  13:20  Wraith  
  61  13:34  KMC Auto-Loaders  
  61  13:50  Perdition Turret  
  61  13:52  Science Vessel x2  
  65  14:04  Perdition Turret  
  65  14:07  Perdition Turret x2  
  65  14:08  Perdition Turret x3  
  65  14:11  Perdition Turret x4  
  65  14:15  Perdition Turret  
  65  14:17  Perdition Turret  
  65  14:20  Perdition Turret  
  65  14:28  Perdition Turret  
  65  14:33  Devastation Turret  
  65  14:35  Perdition Turret  
  65  14:39  Perdition Turret  
  65  14:41  Science Vessel  
  65  14:48  Science Vessel, Wraith x3  
  65  14:52  Spinning Dizzy  
  65  14:55  Wraith  
  72  15:26  Supply Depot  
  72  15:29  Supply Depot  
  76  15:30  Supply Depot  
  76  15:49  Wraith x2  
  76  15:50  Wraith  
  76  15:59  Supply Depot  
  82  16:19  Wraith  
  82  16:24  Wraith x2  
  88  17:17  Science Vessel x3  
  88  17:18  Science Vessel  
  96  18:00  Wraith x4  
  104  18:13  Terran Vehicle And Ship Armor Level 2  
  104  18:34  Science Vessel x2, Wraith  
  104  18:35  Wraith  
  104  18:46  Devastation Turret  
  104  18:49  Devastation Turret  
  112  18:55  Spinning Dizzy  
  112  19:01  Perdition Turret x2  
  112  19:02  Perdition Turret x2  
  112  19:09  Wraith  
  114  19:21  Perdition Turret  
  114  19:22  Perdition Turret, Spinning Dizzy  
  114  19:24  Perdition Turret x2  
  114  19:25  Perdition Turret  
  114  19:29  Science Vessel  
  114  19:30  Wraith  
  114  19:31  Wraith  
  114  19:35  Perdition Turret  
  114  19:36  Perdition Turret x3  
  120  19:44  Wraith  
  122  20:04  Perdition Turret  
  122  20:05  Wraith x2  
  122  20:07  Perdition Turret  
  126  20:26  Science Vessel  
  126  20:33  Wraith x2  
  126  20:36  Supply Depot  
  126  20:54  Terran Vehicle and Ship Weapons Level 3  
  126  20:57  Supply Depot  
  126  21:07  Supply Depot  
  126  21:09  Perdition Turret  
  132  21:10  Perdition Turret  
  132  21:21  Perdition Turret x3  
  132  21:22  Perdition Turret x2  
  132  21:28  Supply Depot  
  132  21:29  Perdition Turret  
  132  21:30  Perdition Turret  
  132  21:32  Perdition Turret  
  132  21:33  Perdition Turret  
  132  21:39  Supply Depot  
  132  21:42  Perdition Turret x5  
  132  21:49  Perdition Turret x2  
  132  21:55  Perdition Turret x2  
  132  21:56  Perdition Turret  
  132  21:57  Devastation Turret  
  132  21:58  Perdition Turret  
  132  21:59  Perdition Turret, Supply Depot  
  132  22:04  Perdition Turret  
  132  22:07  Science Vessel x3  
  132  22:08  Science Vessel  
  132  22:09  Perdition Turret  
  140  22:23  Perdition Turret  
  140  22:24  Perdition Turret  
  140  22:25  Perdition Turret x2, Supply Depot, Devastation Turret  
  140  22:44  Devastation Turret  
  140  22:50  Wraith x3  
  146  26:40  Science Vessel x2, Perdition Turret x2  
  146  26:41  Science Vessel, Perdition Turret  
  146  26:42  Wraith  
  146  26:49  Terran Vehicle And Ship Armor Level 3  
  148  27:14  Perdition Turret x2  
  148  27:15  Perdition Turret x3  
  148  27:17  Wraith  
  146  27:23  Wraith x2  
  146  27:24  Wraith  
  154  27:36  Supply Depot  
  154  27:38  Supply Depot  
  154  27:50  Perdition Turret  
  154  27:51  Science Vessel  
  154  27:57  Science Vessel x3  
  154  27:58  Supply Depot  
  162  28:15  Perdition Turret x2  
  162  28:17  Perdition Turret x3  
  162  28:18  Perdition Turret x2  
  162  28:20  Perdition Turret  
  162  28:24  Supply Depot  
  162  28:32  Science Vessel  
  162  28:34  Perdition Turret  
  162  28:39  Wraith  
  164  28:40  Wraith x2  
  164  28:46  SCV  
  164  28:48  Perdition Turret  
  171  28:50  Perdition Turret x3  
  171  28:53  Perdition Turret  
  171  28:55  Perdition Turret  
  171  28:58  SCV, Perdition Turret  
  171  28:59  Perdition Turret x3  
  171  29:00  Perdition Turret  
  171  29:02  Perdition Turret x2  
  171  29:04  Perdition Turret x2  
  171  29:09  Perdition Turret  
  176  29:10  SCV, Perdition Turret  
  172  29:12  Perdition Turret x2  
  172  29:13  Perdition Turret x2  
  172  29:14  Wraith x2  
  172  29:15  Spinning Dizzy, Wraith x2  
  172  29:16  Devastation Turret  
  175  29:21  SCV  
  175  29:24  Perdition Turret  
  175  29:25  Perdition Turret x2  
  175  29:26  Perdition Turret x3  
  175  29:28  Perdition Turret x3  
  175  29:29  Perdition Turret  
  182  29:30  Perdition Turret x3  
  182  29:32  Perdition Turret  
  182  29:33  SCV  
  182  29:34  Perdition Turret x2  
  182  29:35  Perdition Turret  
  182  29:36  Perdition Turret  
  183  29:41  Perdition Turret  
  183  29:42  Perdition Turret  
  183  29:49  Wraith x3  
  183  29:50  Wraith  
  191  30:01  Perdition Turret x3  
  191  30:02  Perdition Turret x2  
  191  30:04  Perdition Turret  
  191  30:05  Perdition Turret  
  191  30:06  Perdition Turret  
  191  30:24  Wraith x4  
Tags
 
Commander
KaraxSwann
Matchup
Co-op
Replay Pack
Multiplayer
Add a new tag
Caveats
  • Supply blocks, unpowered buildings, or Contaminate may cause inaccurate times.
  • Supply counts are checked every 10 seconds.